 Dungeon Crawl Stone Soup version 0.27-a0-1081-ge8a0a9c698 (webtiles) character file.

Game seed: 3040386214044994193

1608 gimp the Chopper (level 8, -7/59 HPs)
             Began as a Djinni Fighter on Apr 25, 2021.
             Mangled by an ice beast (16 damage)
             ... on level 6 of the Dungeon.
             The game lasted 00:10:47 (7789 turns).

gimp the Chopper (Djinni Fighter)                   Turns: 7789, Time: 00:10:48

Health: -7/59      AC: 11    Str: 14 (17) XL:     8   Next: 95%
Gold:   246        EV:  4    Int:  7 (10) God:
                   SH:  9    Dex: 12 (13)

rFire    + + .     SeeInvis .   a - +0 war axe
rCold    x . .     Faith    .   c - +0 kite shield
rNeg     . . .     Spirit   .   n - +0 chain mail
rPois    ∞         Reflect  .   (no helmet)
rElec    .         Harm     .   f - +0 cloak
rCorr    .         Rampage  .   (no gloves)
Will     .....                  (boots unavailable)
Stlth    ..........             (no amulet)
HPRegen  0.19/turn              (no ring)
MPRegen  0.00/turn              (no ring)

@: mighty, flying
A: fire resistance 2, cold vulnerability 1, float, innate caster, hp casting,
extra vitality 1
a: no special abilities


You were on level 6 of the Dungeon.
You visited 1 branch of the dungeon, and saw 6 of its levels.

You collected 246 gold pieces.

Inventory:

Hand Weapons
 a - a +0 war axe (weapon)
Missiles
 h - 5 javelins
 i - a curare-tipped dart
 j - 5 atropa-tipped darts
 k - 17 poisoned darts (quivered)
Armour
 c - a +0 kite shield (worn)
 f - a +0 cloak (worn)
 n - a +0 chain mail (worn)
Scrolls
 l - 3 scrolls of blinking
 m - 3 scrolls of teleportation
 o - a scroll of noise {unknown}
Potions
 b - a potion of cancellation
 d - 2 potions of might
 p - a potion of flight {unknown}


   Skills:
 - Level 5.0 Fighting
 + Level 6.7 Axes
 - Level 6.0 Armour
 - Level 5.0 Shields


You had one spell level left.
You knew the following spells:

 Your Spells              Type           Power      Damage    Failure   Level
a - Sandblast             Erth           0%         2d4       100%        1
b - Blink                 Tloc           N/A        N/A       100%        2
c - Tukima's Dance        Hex            0%         N/A       100%        3
Your spell library was empty.


Dungeon Overview and Level Annotations

Branches:
Dungeon (6/15)
 Temple: D:4-7

Altars:
Elyvilon
Gozag
Hepliaklqana
Xom
Yredelemnul

Shops:
D:4 =   D:5 *   D:6 :

Annotations:
D:5 1 runed translucent door, tardwrangler69's ghost, novice OpEE


Innate Abilities, Weirdness & Mutations

You are immune to poison.
Your flesh is very heat resistant. (rF++)
You are vulnerable to cold. (rC-)
You float through the air rather than walking.
You learn spells naturally, not from books.
Your magical power is your life essence.
You have superior vitality. (+4 HP)


Message History

The orc priest calls down the wrath of Beogh upon you.
Beogh smites you! The white imp hits you. The white imp freezes you.
You feel a terrible chill!
* * * LOW HITPOINT WARNING * * *
You take 15 damage, and have 15/59 hp.
MASSIVE DAMAGE!!
You feel better.
The orc priest hits you with a +0 short sword.
You block the white imp's attack.
You regained 8 hp, and now have 23/59 hp.
You feel very mighty all of a sudden.
The orc priest hits you but does no damage.
You block the white imp's attack.
You hit the orc priest.
You kill the orc priest!
Your shield and chain mail prevent you from hitting the white imp.
The white imp hits you but does no damage.
You slash the white imp!
You kill the white imp!
Things that are here:
a +0 short sword; a +0 leather armour; an orc corpse An ice beast comes into view.
Things that are here:
a +0 shortbow; 10 arrows You aren't carrying any items that you can evoke.
Unknown command.
Okay, then.
You aren't carrying any items that you can evoke.
Unknown command.
You barely miss the ice beast. The ice beast hits you.
The ice beast freezes you!
You feel a terrible chill!
* * * LOW HITPOINT WARNING * * *
You take 14 damage, and have 11/59 hp.
MASSIVE DAMAGE!!
You barely miss the ice beast.
The ice beast hits you but does no damage.
You barely miss the ice beast.
The ice beast hits you but does no damage.
The ice beast hits you.
* * * LOW HITPOINT WARNING * * *
The ice beast freezes you!
You feel a terrible chill!
You die...

#.##..........#
#.###########.#
#.# #.# #.##.#
#.# #.##.# #.#
#.##.# #.#
#.##.# #.#
#.##.#
####.####
#.##.#
#..@)...####
#.##.#
#.##Y.......
##.##.#
##.##..#.####
......#
...!...⌠.⌠#
.....##
#.......∩.#
.....#
#..##..⌠.⌠#
.....#
#..5...<.##
.....#
#.###..###
..##.# # #..#


You could see an ice beast.

Vanquished Creatures
  A steam dragon (D:6)
  A water moccasin (D:5)
  3 ogres
  2 centaurs
  A phantom (D:5)
  A kobold brigand (D:5)
  2 scorpions (D:5)
  A bullfrog (D:6)
  A water moccasin skeleton (D:5)
  A jelly (D:5)
  3 hounds
  5 orc priests
  A bullfrog skeleton (D:6)
  Jessica (D:2)
  3 iguanas
  3 orc wizards
  2 adders
  A white imp (D:6)
  An ufetubus (D:5)
  An adder skeleton (D:5)
  An adder zombie (D:5)
  A worm (D:2)
  A dart slug (D:2)
  10 orcs
  4 bats
  2 endoplasms
  4 giant cockroaches
  12 goblins
  6 hobgoblins
  4 jackals (D:1)
  2 quokkas
  4 ball pythons
  2 frilled lizards (D:3)
  10 kobolds
  A rat (D:1)
  A spectral goblin (D:3)
100 creatures vanquished.

Notes
Turn   | Place    | Note
-------+----------+-------------------------------------------
     0 | D:1      | gimp the Djinni Fighter began the quest for the Orb.
     0 | D:1      | Reached XP level 1. HP: 20/20 MP: 0/0
   463 | D:1      | Reached XP level 2. HP: 25/25 MP: 0/0
   720 | D:1      | Found a faded altar of an unknown god.
   897 | D:2      | Reached XP level 3. HP: 30/30 MP: 0/0
   897 | D:2      | Learned a level 1 spell: Sandblast
  1303 | D:2      | Noticed Jessica
  1314 | D:2      | HP: 1/31 [Jessica/nerve-wracking pain (14)]
  1315 | D:2      | Killed Jessica
  1316 | D:2      | Reached XP level 4. HP: 2/37 MP: 0/0
  2156 | D:3      | Found an opulent altar of Gozag.
  2827 | D:3      | Found a hazy altar of Hepliaklqana.
  3197 | D:4      | Reached XP level 5. HP: 9/42 MP: 0/0
  3197 | D:4      | Learned a level 2 spell: Blink
  3459 | D:4      | Found a white marble altar of Elyvilon.
  3460 | D:4      | Identified the +5 ring mail "Xiysothigh" {Regen+ Int+7
                  | Dex-5}
  3506 | D:4      | Found Siesch's Jewellery Shoppe.
  3853 | D:4      | Found a shimmering altar of Xom.
  4039 | D:4      | You are sucked into a shaft and drop 2 floors!
  4055 | D:6      | Reached skill level 5 in Fighting
  4055 | D:6      | Reached skill level 5 in Shields
  4059 | D:6      | Reached XP level 6. HP: 15/49 MP: 0/0
  4432 | D:6      | Noticed a steam dragon
  4444 | D:6      | Killed a steam dragon
  4445 | D:6      | Reached XP level 7. HP: 30/54 MP: 0/0
  4445 | D:6      | Learned a level 3 spell: Tukima's Dance
  4688 | D:5      | Entered Level 5 of the Dungeon
  4856 | D:5      | Reached skill level 5 in Armour
  5017 | D:4      | Found a basalt altar of Yredelemnul.
  5394 | D:5      | Reached XP level 8. HP: 37/59 MP: 0/0
  5422 | D:5      | HP: 2/59 [water moccasin (6)]
  5770 | D:5      | Found Iskutt's Lightly-Used Armoury.
  5992 | D:5      | Reached skill level 5 in Axes
  6179 | D:5      | Found a runed translucent door.
  6179 | D:5      | Noticed tardwrangler69's ghost (novice OpEE)
  7201 | D:6      | Found Siefioch's Book Emporium.
  7789 | D:6      | Mangled by an ice beast

Illustrated notes

Levels and vault maps discovered:
D:1:      nagdon_arrival_double_spiral, layout_basic,
          ebering_ecumenical_altar_sacrificial
D:2:      layout_loops_ring, chequers_serial_rivers_large_b, uniq_jessica
D:3:      minmay_wonky_spiral, layout_basic,
          nicolae_hepliaklqana_monster_ancestors, nicolae_gozag_seed_capital,
          glass_columns_b, minmay_misc_feat_chi
D:4:      layout_loops_cross, tgw_xom, kennysheep_ying_yang, serial_shops, shop
D:5:      layout_basic, ebering_ghost_reflecting_pool, minmay_shop_damaged,
          minmay_small_thing
D:6:      layout_loops_ring, nemelex_spade_bored_becter, lemuel_doored_altar,
          serial_shops, shop_fountains, chequers_serial_rivers_small_3

Skill      XL: |  1  2  3  4  5  6  7  8 |
---------------+-------------------------+-----
Fighting       | 4 5 |  5.0
Shields        | 4 5 |  5.0
Axes           | 2 4 6 |  6.7
Armour         | 4 5 6 |  6.0

Action                   |  1- 3 |  4- 6 |  7- 9 || total
-------------------------+-------+-------+-------++-------
Melee: War axe           |    98 |   138 |   199 ||   435
Throw: Javelin           |       |    11 |       ||    11
       Dart              |       |     3 |     2 ||     5
  Use: Scroll            |     1 |     7 |       ||     8
       Potion            |       |     6 |     7 ||    13
Armor: Scale mail        |    54 |    25 |       ||    79
       Chain mail        |       |    41 |   134 ||   175
       Skin              |       |    15 |       ||    15
Dodge: Dodged            |    35 |    33 |    57 ||   125
Block: Kite shield       |    53 |    91 |   143 ||   287

Table legend: (Time is in decaauts)
 A = Elapsed time spent in this place.
 B = Non-inter-level travel time spent in this place.
 C = Inter-level travel time spent in this place.
 D = Time resting spent in this place.
 E = Time spent auto-exploring this place.
 F = Levels seen in this place.
 G = Mean time per level.
                   A        B        C        D        E       F      G
               +--------+--------+--------+--------+--------+-----+--------+
         Total |   8072 |   7914 |    158 |    733 |   6029 |   6 | 1345.3 |
       Dungeon |   8072 |   7914 |    158 |    733 |   6029 |   6 | 1345.3 |
               +--------+--------+--------+--------+--------+-----+--------+

Top non-repeatable levels by time:
     D:5: 2606 daAuts
     D:4: 1552 daAuts
     D:2: 1233 daAuts
     D:3: 997 daAuts
     D:1: 933 daAuts
     D:6: 749 daAuts
